 Dungeon Crawl Stone Soup version 0.28.0-53-g5a82cb258f (webtiles) character file.

Game seed: 6520368448569672738

4638 safid the Geomancer (level 10, -12/64 HPs)
             Began as a Gargoyle Earth Elementalist on Sept 8, 2022.
             Mangled by a two-headed ogre
             ... wielding a +0 giant spiked club
              (16 damage)
             ... on level 9 of the Dungeon.
             The game lasted 00:13:30 (13024 turns).

safid the Geomancer (Gargoyle Earth Elementalist)  Turns: 13024, Time: 00:13:31

Health: -12/64     AC: 11    Str: 11    XL:     10   Next: 43%
Magic:  9/20       EV: 12    Int: 21    God:
Gold:   357        SH:  0    Dex: 10    Spells: 13/22 levels left

rFire   . . .      SeeInvis +   m - +1 dagger (venom)
rCold   . . .      Faith    .   (no shield)
rNeg    + . .      Spirit   .   b - +0 robe
rPois   ∞          Reflect  .   l - +1 helmet
rElec   +          Harm     .   (no cloak)
rCorr   .          Rampage  .   (no gloves)
Will    .....                   (no boots)
Stlth   ++........              o - amulet of the acrobat
HPRegen 0.20/turn               q - ring of see invisible
MPRegen 0.17/turn               (no ring)

@: no status effects
A: sickness immunity, AC +7, negative energy resistance 1, electricity
resistance, torment resistance 1, petrification resistance
a: no special abilities


You were on level 9 of the Dungeon.
You visited 2 branches of the dungeon, and saw 10 of its levels.

You collected 387 gold pieces.
You spent 30 gold pieces at shops.

Inventory:

Hand Weapons
 m - a +1 dagger of venom (weapon)
Missiles
 c - 146 stones
Armour
 b - a +0 robe (worn)
 l - a +1 helmet (worn)
Magical Staves
 n - a staff of conjuration
Jewellery
 o - an amulet of the acrobat (around neck)
 p - a ring of fire
 q - a ring of see invisible (left hand)
Wands
 s - a wand of flame (16)
 t - a wand of iceblast (4)
 v - a wand of digging (10)
Scrolls
 g - 2 scrolls of enchant armour
 h - 2 scrolls of amnesia
 j - 5 scrolls of teleportation
 r - a scroll of summoning
 u - 2 scrolls of vulnerability
 w - a scroll of fog
 x - a scroll of noise {unknown}
 y - a scroll of magic mapping
Potions
 a - 3 potions of heal wounds {unknown}
 d - 2 potions of flight {unknown}
 e - 2 potions of haste {unknown}
 f - 3 potions of curing
 i - 2 potions of magic {unknown}
 k - 3 potions of lignification {unknown}
 z - 2 potions of mutation {unknown}


   Skills:
 + Level 7.8 Fighting
 - Level 2.0 Dodging
 - Level 2.1 Stealth
 + Level 6.9 Spellcasting
 + Level 7.3 Conjurations
 - Level 0.7 Transmutations
 + Level 4.3 Fire Magic
 + Level 9.4 Earth Magic


You had 13 spell levels left.
You knew the following spells:

 Your Spells              Type           Power      Damage    Failure   Level
a - Sandblast             Erth           92%        2d19      1%          1
b - Stone Arrow           Conj/Erth      84%        3d12      1%          3
c - Fireball              Conj/Fire      15%        3d8       22%         5

Your spell library contained the following spells:

 Spells                   Type           Power      Damage    Failure   Level
 Passwall                 Tmut/Erth      23%        N/A       1%          2
 Animate Skeleton         Necr           14%        N/A       9%          1
 Pain                     Necr           28%        1d5       9%          1
 Petrify                  Tmut/Erth      28%        N/A       11%         4
 Hailstorm                Conj/Ice       22%        3d7       21%         4
 Vampiric Draining        Necr           7%         2d6       26%         3
 Ice Form                 Ice/Tmut       8%         N/A       58%         4
 Starburst                Conj/Fire      15%        6d6       77%         6
 Simulacrum               Ice/Necr       3%         N/A       100%        6
 Ignition                 Fire           12%        3d6       100%        8


Dungeon Overview and Level Annotations

Branches:
Dungeon (9/15)             Temple (1/1) D:6
   Lair: D:8-11         Orc: D:9-12

Altars:
Ashenzari
Cheibriados
Dithmenos
Elyvilon
Fedhas
Gozag
Hepliaklqana
Kikubaaqudgha
Makhleb
Nemelex Xobeh
Okawaru
Qazlal
Ru
Sif Muna
Trog
Uskayaw
Wu Jian
Xom
Zin
The Shining One

Shops:
D:1 !   D:2 *

Annotations:
D:7 3 runed translucent doors, DemonSlayer's ghost, novice DsFE


Innate Abilities, Weirdness & Mutations

You are immune to sickness and miasma.
Your stone body is resilient. (AC +7)
You are immune to poison.
You resist negative energy. (rN+)
You are resistant to electric shocks. (rElec)
You are resistant to unholy torment.
You are immune to petrification.


Message History

The two-headed ogre is moderately wounded.
The two-headed ogre shouts in stereo!
The two-headed ogre barely misses you.
The two-headed ogre hits you with a +0 giant club!
Casting: Sandblast (safe; 1% risk of failure)
Confirm with . or Enter, or press ? or * to list all spells.
Aiming: Sandblast (safe; 1% risk of failure)
Press: ? - help, Shift-Dir - straight line, f/p - two-headed ogre
Aim: a two-headed ogre, wielding a +0 giant spiked club and a +0 giant club (moderately wounded, 92% to hit)
The blast of sand hits the two-headed ogre!!
The two-headed ogre is severely wounded.
Unknown command.
Casting: Sandblast (safe; 1% risk of failure)
Confirm with . or Enter, or press ? or * to list all spells.
Aiming: Sandblast (safe; 1% risk of failure)
Press: ? - help, Shift-Dir - straight line, f/p - two-headed ogre
Aim: a two-headed ogre, wielding a +0 giant spiked club and a +0 giant club (severely wounded, 92% to hit)
The blast of sand misses the two-headed ogre.
The two-headed ogre hits you with a +0 giant spiked club!
The two-headed ogre closely misses you.
Casting: Sandblast (safe; 1% risk of failure)
Confirm with . or Enter, or press ? or * to list all spells.
Aiming: Sandblast (safe; 1% risk of failure)
Press: ? - help, Shift-Dir - straight line, f/p - two-headed ogre
Aim: a two-headed ogre, wielding a +0 giant spiked club and a +0 giant club (severely wounded, 92% to hit)
The blast of sand misses the two-headed ogre.
The two-headed ogre hits you with a +0 giant spiked club!!
* * * LOW HITPOINT WARNING * * *
The two-headed ogre hits you with a +0 giant club.
* * * LOW HITPOINT WARNING * * *
Casting: Sandblast (safe; 1% risk of failure)
Confirm with . or Enter, or press ? or * to list all spells.
Aiming: Stone Arrow (safe; 1% risk of failure)
Press: ? - help, Shift-Dir - straight line, f/p - two-headed ogre
Aim: a two-headed ogre, wielding a +0 giant spiked club and a +0 giant club (severely wounded, 89% to hit)
The stone arrow hits the two-headed ogre!
The two-headed ogre is almost dead.
The two-headed ogre hits you but does no damage.
The two-headed ogre hits you with a +0 giant club!
You die...

###### ......###
...._...# ........##
####
.........############...
....⌠..................)
.....(..O.####.........)
.._..[_@#.# #..........
#.....))#.# #..........
###...#.#.# #..........
#####.#.# #..........
#.#.# ########'#. #.#.#
#########.#. !.#.#
#.........## ..#
#...........
#.........##


You could see a two-headed ogre.

Vanquished Creatures
  3 wyverns
  5 yaks (D:8)
  Grum (D:8)
  Duvessa (D:7)
  2 sky beasts
  A necrophage (D:7)
  An ogre (D:3)
  An orc warrior (D:7)
  3 wolves
  A centaur (D:7)
  2 phantoms
  A kobold brigand (D:7)
  2 bullfrogs
  A scorpion (D:5)
  A water moccasin skeleton (D:5)
  4 killer bees (D:4)
  Dowan (D:7)
  18 wights
  A howler monkey (D:6)
  A bullfrog zombie (D:6)
  7 hounds
  7 orc priests
  A jelly (D:6)
  An iguana (D:5)
  9 orc wizards
  A howler monkey zombie (D:9)
  3 gnolls (D:3)
  9 adders
  A shadow imp (D:8)
  3 white imps
  An ufetubus (D:7)
  An adder zombie (D:5)
  2 worms
  3 dart slugs
  35 orcs
  8 ball pythons
  4 bats
  7 endoplasms
  A giant cockroach (D:3)
  8 goblins
  3 hobgoblins
  6 jackals
  8 quokkas
  3 frilled lizards
  12 kobolds
  10 rats
205 creatures vanquished.

Vanquished Creatures (others)
  A kobold (D:2)
1 creature vanquished.

Grand Total: 206 creatures vanquished

Notes
Turn   | Place    | Note
-------+----------+-------------------------------------------
     0 | D:1      | safid the Gargoyle Earth Elementalist began the quest for
                  | the Orb.
     0 | D:1      | Reached XP level 1. HP: 10/10 MP: 3/3
   563 | D:1      | Reached XP level 2. HP: 16/16 MP: 1/5
   883 | D:1      | Reached skill level 1 in Fighting
  1266 | D:1      | Reached skill level 4 in Earth Magic
  1273 | D:1      | Reached XP level 3. HP: 15/20 MP: 6/6
  1569 | D:1      | Found a faded altar of an unknown god.
  1712 | D:1      | Found Ocafed's Distillery.
  1726 | D:1      | Bought a potion of curing for 30 gold pieces
  1838 | D:2      | Noticed a phantom
  1846 | D:2      | Killed a phantom
  1847 | D:2      | Reached XP level 4. HP: 26/26 MP: 0/8
  1934 | D:2      | Learned a level 3 spell: Stone Arrow
  2098 | D:2      | Reached XP level 5. HP: 14/31 MP: 7/9
  2766 | D:2      | Found Citsuss's General Store.
  2917 | D:2      | Reached skill level 1 in Conjurations
  3194 | D:3      | Reached skill level 5 in Earth Magic
  3293 | D:3      | Reached XP level 6. HP: 31/37 MP: 9/11
  3362 | D:3      | Found a blossoming altar of Fedhas.
  3595 | D:3      | Found a blossoming altar of Fedhas.
  3597 | D:3      | Found a shimmering altar of Xom.
  3597 | D:3      | Found a white marble altar of Elyvilon.
  3606 | D:3      | Found a blossoming altar of Fedhas.
  3606 | D:3      | Found a sacrificial altar of Ru.
  3606 | D:3      | Found a shimmering altar of Xom.
  4486 | D:4      | Reached XP level 7. HP: 42/42 MP: 12/12
  4688 | D:4      | Reached skill level 6 in Earth Magic
  4794 | D:4      | Found a sacrificial altar of Ru.
  4992 | D:4      | HP: 2/43 [orc priest/divine providence (13)]
  5622 | D:5      | Entered Level 5 of the Dungeon
  6255 | D:5      | Reached XP level 8. HP: 48/48 MP: 10/14
  6451 | D:5      | Reached skill level 5 in Fighting
  7314 | D:5      | Reached skill level 5 in Spellcasting
  7314 | D:5      | Reached skill level 7 in Earth Magic
  8110 | D:6      | Found a staircase to the Ecumenical Temple.
  8142 | D:6      | Reached skill level 5 in Conjurations
  8164 | Temple   | Entered the Ecumenical Temple
  8892 | D:6      | Learned a level 5 spell: Fireball
  9317 | D:7      | Reached XP level 9. HP: 55/55 MP: 14/17
  9654 | D:7      | Reached skill level 1 in Fire Magic
  9710 | D:7      | Found a white marble altar of Elyvilon.
  9910 | D:7      | Reached skill level 8 in Earth Magic
 10006 | D:7      | Found a runed translucent gate.
 10007 | D:7      | Found a runed translucent gate.
 10015 | D:7      | Found a runed translucent gate.
 10017 | D:7      | Noticed DemonSlayer's ghost (novice DsFE)
 10753 | D:7      | Noticed Dowan
 10754 | D:7      | Noticed Duvessa
 10756 | D:7      | Killed Dowan
 10759 | D:7      | Killed Duvessa
 11348 | D:8      | Reached XP level 10. HP: 48/63 MP: 2/19
 11363 | D:8      | Reached skill level 9 in Earth Magic
 11840 | D:8      | Noticed Grum
 12277 | D:8      | Killed Grum
 12910 | D:9      | Found a shimmering blue altar of Sif Muna.
 12953 | D:9      | Found a glowing silver altar of Zin.
 12955 | D:9      | Found a shadowy altar of Dithmenos.
 12957 | D:9      | Found an iron altar of Okawaru.
 13019 | D:9      | Noticed a two-headed ogre
 13024 | D:9      | Mangled by a two-headed ogre

Illustrated notes

Levels and vault maps discovered:
D:1:      shiori_arrival_maze, layout_basic, chequers_ecumenical_altar_twisty,
          serial_shops, shop
D:2:      layout_loops_ring, serial_shops, nicolae_shop_behind_doors,
          lemuel_flame_loot_1
D:3:      layout_loops_ring, mainiacjoe_overflow_tiny_flanked,
          doesnt_xom_only_xom, kennysheep_generic_room_14
D:4:      layout_loops_ring, lemuel_round_altar
D:5:      layout_cave_pools, serial_co_window_serial, co_window_cross_1,
          co_window_corner_a, co_window_corner_a, co_window_corner_a,
          co_window_cross_1, co_window_corner_a, co_window_corner_a,
          co_window_of_opportunity_c, co_window_2corner, co_window_corner_b,
          co_window_paths_d, co_window_paths_e
D:6:      layout_basic, minmay_temple_entry_ruins, minivault_27, sigmund_army
D:7:      layout_loops_corners, mainiacjoe_overflow_surrounded_room,
          gammafunk_ghost_necromancy, uniq_duvessa
D:8:      layout_gridville, uniq_grum
D:9:      layout_basic, nicolae_sif_muna_little_library,
          grunt_temple_overflow_open, mainiacjoe_overflow_concentric_impassable,
          lemuel_round_altar, david_lair_shrubbed, uniq_pikel,
          uniq_prince_ribbit1
Temple:   chequers_temple_sunken

Skill      XL: |  1  2  3  4  5  6  7  8  9 10 |
---------------+-------------------------------+-----
Fighting       | 1 2 3 4 6 7 |  7.8
Earth Magic    | 4 5 6 7 8 9 |  9.4
Dodging        | 2 |  2.0
Spellcasting   | 3 4 5 6 |  6.9
Conjurations   | 1 2 3 5 6 7 |  7.3
Fire Magic     | 3 4 |  4.3
Stealth        | |  2.1
Transmutations | |  0.7

Action                   |  1- 3 |  4- 6 |  7- 9 | 10-12 || total
-------------------------+-------+-------+-------+-------++-------
Melee: Unarmed           |    20 |       |       |       ||    20
       Dagger            |    69 |   220 |   379 |    71 ||   739
       Short sword       |       |    17 |       |       ||    17
       Punch             |       |     1 |     1 |       ||     2
 Cast: Sandblast         |    22 |    18 |    51 |    37 ||   128
       Stone Arrow       |       |       |    36 |     8 ||    44
  Use: Scroll            |       |       |     4 |     2 ||     6
 Stab: Sleeping          |     2 |     6 |     2 |       ||    10
Armor: Robe              |    35 |    81 |   166 |    47 ||   329
Dodge: Dodged            |    73 |   138 |   288 |   104 ||   603
